 Dungeon Crawl Stone Soup version 0.22-a0-307-g2b15929 (webtiles) character file.

50 Borgoz the Sneak (level 3, 0/28 HPs)
             Began as a Demonspawn Assassin on Apr 1, 2018.
             Succumbed to an adder's poison
             ... on level 2 of the Dungeon.
             The game lasted 00:01:55 (1249 turns).

Borgoz the Sneak (Demonspawn Assassin)              Turns: 1249, Time: 00:01:56

Health: 0/28       AC:  3    Str: 12    XL:     3   Next: 55%
Magic:  3/3        EV: 12    Int: 17    God:
Gold:   17         SH:  0    Dex: 14    Spells: 2/2 levels left

rFire    . . .     SeeInvis .   a - +2 short sword (venom)
rCold    . . .     Gourm    .   (no shield)
rNeg     . . .     Faith    .   c - +0 robe
rPois    .         Spirit   .   (helmet restricted)
rElec    .         Reflect  .   d - +0 cloak
rCorr    .         Harm     .   (no gloves)
MR       .....                  (no boots)
Stlth    +++.......             (no amulet)
HPRegen  0.09/turn              (no ring)
MPRegen  0.08/turn              (no ring)

@: brilliant, lethally poisoned (0 -> -2)
A: antennae 1
a: no special abilities


You were on level 2 of the Dungeon.
You were not hungry.

You visited 1 branch of the dungeon, and saw 2 of its levels.

You collected 17 gold pieces.

Inventory:

Hand Weapons
 a - a +2 short sword of venom (weapon)
 b - a +0 blowgun
Missiles
 e - 8 poisoned needles
 f - 2 curare-tipped needles
Armour
 c - a +0 robe (worn)
 d - a +0 cloak (worn)
 l - a +0 hat
Scrolls
 h - a scroll of random uselessness {unknown}
 i - a scroll of immolation {unknown}
 j - a scroll of magic mapping {unknown}
 k - a scroll of amnesia {unknown}
 n - a scroll of identify {unknown}
 o - a scroll of teleportation {unknown}
Comestibles
 g - 2 rations
 m - 5 chunks of flesh


   Skills:
 + Level 2.5 Fighting
 + Level 2.3 Short Blades
 - Level 1.7 Throwing
 + Level 1.6 Dodging
 + Level 4.0 Stealth


You had 2 spell levels left.
You didn't know any spells.

Dungeon Overview and Level Annotations

Branches:
Dungeon (2/15)

Altars:


Innate Abilities, Weirdness & Mutations

You have a pair of small antennae on your head.


Message History

You kill the adder!
You aren't carrying any potions.
You aren't carrying any potions.
You see here an adder corpse.
* * * LOW HITPOINT WARNING * * *
You feel sick.
You see here a ruby potion.
It was a potion of brilliance.
You feel clever all of a sudden.
* * * LOW HITPOINT WARNING * * *
You feel sick.
Okay, then.
* * * LOW HITPOINT WARNING * * *
You feel sick.
You see here an adder corpse.
You butcher the adder corpse.
Things that are here:
a chunk of flesh; an adder skeleton
m - 5 chunks of flesh (gained 1)
You die...

### ..# #.# #.#
#.#########.##
#..รท.........#
#..########..#
.######@........
.....>#...#######
#............
#.........#
#..<......#
#.........#
#....#...##
#######....##.##
#..........##...


There were no monsters in sight!

Vanquished Creatures
  2 adders (D:2)
  A dart slug (D:1)
  4 bats (D:1)
  A giant cockroach (D:2)
  2 goblins
  3 hobgoblins (D:1)
  6 jackals
  4 kobolds (D:1)
  4 frilled lizards (D:1)
27 creatures vanquished.

Notes
Turn   | Place    | Note
-------+----------+-------------------------------------------
     0 | D:1      | Borgoz the Demonspawn Assassin began the quest for the Orb.
     0 | D:1      | Reached XP level 1. HP: 16/16 MP: 1/1
   113 | D:1      | Reached skill level 1 in Dodging
   195 | D:1      | Gained mutation: You have a pair of small antennae on your head. [demonic ancestry]
   195 | D:1      | Reached XP level 2. HP: 21/22 MP: 2/2
  1017 | D:2      | Reached XP level 3. HP: 8/28 MP: 3/3
  1150 | D:2      | Reached skill level 4 in Stealth
  1241 | D:2      | HP: 1/28 [poisoned by an adder]
  1249 | D:2      | Succumbed to an adder's poison

Vault maps used:
D:1:      giann_forest_graveyard

Skill      XL: |  1  2  3 |
---------------+----------+-----
Dodging        | 1 |  1.6
Short Blades   | 2 |  2.3
Stealth        | 4 |  4.0
Fighting       | |  2.5
Throwing       | |  1.7

Action                   || total
-------------------------++-------
Melee: Dagger            ||    50
       Short sword       ||    26
  Use: Potion            ||     1
 Stab: Sleeping          ||     5
  Eat: Chunk             ||     1
Armor: Robe              ||    24
Dodge: Dodged            ||    50

Table legend:
 A = Spawn XP
 B = Non-spawn XP
 C = Spawn XP percentage of total XP
 D = Spawn monster count
 E = Non-spawn monster count
 F = Spawn count percentage of total count
 G = Total turns spent on level
                    A         B        C        D         E        F      G
               +---------+---------+-------+---------+---------+-------+---------
         Total |       0 |      72 |   0.0 |       0 |      27 |   0.0 |  1249
               +---------+---------+-------+---------+---------+-------+---------
           D:1 |       0 |      34 |   0.0 |       0 |      19 |   0.0 |   996
           D:2 |       0 |      38 |   0.0 |       0 |       8 |   0.0 |   253
               +---------+---------+-------+---------+---------+-------+---------
